 Dungeon Crawl Stone Soup version 0.18.1-48-g4cf74bf (console) character file.

1559 Kloppie the Cleaver (level 8, 0/74 HPs)
             Began as a Hill Orc Berserker on June 29, 2016.
             Was an Elder of Trog.
             Killed from afar by an electric eel (4 damage)
             ... with a bolt of electricity
             ... on level 6 of the Dungeon.
             The game lasted 00:10:43 (5166 turns).

Kloppie the Cleaver (Hill Orc Berserker)            Turns: 5166, Time: 00:10:43

Health: 0/74       AC: 24    Str: 20    XL:     8   Next: 89%
Magic:  8/8        EV:  6    Int:  7    God:    Trog [****..]
Gold:   202        SH:  0    Dex: 12    Spells: 0 memorised, 7 levels left

rFire  . . .     SeeInvis .     a - +0 war axe (curse)
rCold  . . .     Gourm    .     z - +0 plate armour
rNeg   . . .     Faith    .     (no shield)
rPois  .         Spirit   .     r - +1 hat
rElec  .         Dismiss  .     (no cloak)
rCorr  .         Reflect  .     b - +1 pair of gloves
SustAt .         Harm     .     h - +2 pair of boots
MR     .....                    (no amulet)
Stlth  ..........               (no ring)
                                g - +5 ring of protection

@: not resistant to hostile enchantments, extremely unstealthy
A: no striking features
a: Berserk, Trog's Hand, Brothers in Arms, Burn Spellbooks, Renounce Religion


You were on level 6 of the Dungeon.
You worshipped Trog.
Trog was greatly pleased with you.
You were not hungry.

You visited 1 branch of the dungeon, and saw 6 of its levels.

You collected 202 gold pieces.

Inventory:

Hand Weapons
 a - a cursed +0 war axe (weapon)
 C - a +1 hand axe
Armour
 b - a +1 pair of gloves (worn)
 h - a +2 pair of boots (worn)
 k - a +0 shield
 r - a +1 hat (worn)
 z - a +0 plate armour (worn)
Jewellery
 g - a +5 ring of protection (left hand)
Wands
 e - a wand of slowing (47/48)
Scrolls
 l - a scroll of recharging
 s - 2 scrolls of teleportation
 w - a scroll of enchant weapon
 y - 2 scrolls of remove curse
Potions
 d - 2 potions of flight
 i - 2 potions of lignification
 j - 5 potions of curing
 m - a potion of might
 n - 3 potions of haste
 p - 2 potions of resistance
 u - 2 potions of mutation
 v - 3 potions of brilliance
 x - a potion of cancellation
 E - a potion of heal wounds {unknown}
Comestibles
 c - 2 bread rations
 f - a slice of pizza
 o - a meat ration
 q - a beef jerky
 t - 4 fruits


   Skills:
 + Level 7.7 Fighting
 + Level 8.0 Axes
 + Level 6.5 Armour
 - Level 1.5 Dodging
 + Level 5.3 Shields


You had 7 spell levels left.
You didn't know any spells.

Dungeon Overview and Level Annotations

Branches:
Dungeon (6/15)             Temple (0/1) D:5

Altars:
Cheibriados
Dithmenos
Elyvilon
Gozag
Kikubaaqudgha
Pakellas
Trog
Xom


Message History

The electric eel shoots out a bolt of lightning at you!
The bolt of electricity hits you!
* * * LOW HITPOINT WARNING * * *
You hit the electric eel.
The electric eel is severely wounded.
You miss the electric eel.
The electric eel is severely wounded.
The electric eel shoots out a bolt of lightning at you!
The bolt of electricity hits the electric eel.
The electric eel completely resists.
The bolt of electricity hits you!
* * * LOW HITPOINT WARNING * * *
The bolt of electricity hits you!
* * * LOW HITPOINT WARNING * * *
The electric eel shoots out a bolt of lightning at you!
The bolt of electricity hits you!
* * * LOW HITPOINT WARNING * * *
The electric eel shoots out a bolt of lightning at you!
The bolt of electricity hits the electric eel.
The electric eel completely resists.
The bolt of electricity hits you!
You die...

# ≈# ≈# ≈# #.#≈≈≈
≈≈≈≈# .. #. ≈#≈
≈#≈≈#.... ###.# ≈≈
≈≈≈##.#.#. #....#
≈#≈≈≈≈.....
#..≈##;≈###...[.
#....≈;##....# #
#............# ..
##.#.###@...## ...
#.........###(....
#.#.>..##)........
#.####.#.†.##.....
#.# #.#..........
#
#.####.#...##..##.
#.##.##......##
....
#.......:....# ##.
####.##.#.####


You could see 2 electric eels.

Vanquished Creatures
  3 ogres (D:4)
  2 centaurs
  2 scorpions (D:4)
  5 wights (D:6)
  2 crimson imps (D:5)
  A giant frog zombie (D:5)
  A centaur skeleton (D:4)
  4 orc priests
  2 giant frog skeletons
  Natasha (thrice) (D:2)
  2 orc wizards
  4 worker ants
  A killer bee zombie (D:6)
  2 worker ant zombies
  5 gnolls
  8 adders
  2 shadow imps (D:5)
  2 oozes
  A worm (D:2)
  4 dart slugs
  2 giant geckos
  21 orcs
  6 giant cockroaches
  6 goblins
  9 hobgoblins
  4 jackals
  7 kobolds
  3 quokkas
  3 ball pythons
  5 bats
  A giant gecko zombie (D:5)
  6 giant newts
  9 rats
138 creatures vanquished.

Notes
Turn   | Place    | Note
--------------------------------------------------------------
     0 | D:1      | Kloppie the Hill Orc Berserker began the quest for the Orb.
     0 | D:1      | Reached XP level 1. HP: 19/19 MP: 1/1
   457 | D:1      | Reached XP level 2. HP: 27/27 MP: 2/2
   761 | D:1      | Reached ** piety under Trog
   761 | D:1      | Reached XP level 3. HP: 33/33 MP: 3/3
  1308 | D:2      | Found a shimmering altar of Xom.
  1315 | D:2      | Reached XP level 4. HP: 40/41 MP: 4/4
  1438 | D:2      | Reached skill level 5 in Axes
  1557 | D:2      | Found a faded altar to an unknown god.
  1608 | D:2      | Found an opulent altar of Gozag.
  1751 | D:2      | Found a shadowy altar of Dithmenos.
  1760 | D:2      | Noticed Natasha
  1778 | D:2      | Killed Natasha
  1778 | D:2      | Reached skill level 1 in Shields
  2025 | D:2      | Noticed Natasha
  2039 | D:2      | Killed Natasha
  2039 | D:2      | Reached XP level 5. HP: 36/47 MP: 5/5
  2123 | D:2      | Reached skill level 5 in Fighting
  2139 | D:2      | Noticed Natasha
  2147 | D:2      | Killed Natasha
  2301 | D:3      | Reached *** piety under Trog
  2317 | D:3      | Reached XP level 6. HP: 41/56 MP: 6/6
  3137 | D:4      | Reached **** piety under Trog
  3183 | D:4      | Reached XP level 7. HP: 61/61 MP: 7/7
  3191 | D:4      | Reached skill level 6 in Axes
  3205 | D:4      | Found a white marble altar of Elyvilon.
  3402 | D:4      | Found an oddly glowing altar of Pakellas.
  3488 | D:4      | Reached skill level 5 in Armour
  3624 | D:4      | Found a snail-covered altar of Cheibriados.
  3882 | D:5      | Entered Level 5 of the Dungeon
  3909 | D:5      | Reached XP level 8. HP: 62/71 MP: 8/8
  3922 | D:5      | Reached skill level 7 in Axes
  4102 | D:5      | Found a staircase to the Ecumenical Temple.
  4158 | D:5      | Received a gift from Trog
  4202 | D:5      | Found a snail-covered altar of Cheibriados.
  4203 | D:5      | Found a bloodstained altar of Trog.
  4204 | D:5      | Found an ancient bone altar of Kikubaaqudgha.
  4720 | D:6      | Found a bloodstained altar of Trog.
  4752 | D:6      | Reached skill level 5 in Shields
  4863 | D:6      | Reached skill level 8 in Axes
  5166 | D:6      | Killed from afar by an electric eel

Skill      XL: |  1  2  3  4  5  6  7  8 |
---------------+-------------------------+-----
Fighting       | 4 5 6 7 |  7.7
Armour         | 3 4 5 6 |  6.5
Axes           | 5 6 8 |  8.0
Shields        | 1 2 3 4 5 |  5.3
Dodging        | |  1.5

Action                   |  1- 3 |  4- 6 |  7- 9 || total
-------------------------+-------+-------+-------++-------
Melee: Hand axe          |   103 |   213 |   236 ||   552
       War axe           |       |       |    22 ||    22
Invok: Berserk           |     1 |     2 |     4 ||     7
       Trog's Hand       |       |       |     1 ||     1
  Use: Scroll            |       |     5 |    11 ||    16
  Eat: Chunk             |     2 |     9 |     6 ||    17
       Meat ration       |       |       |     1 ||     1
Armor: Animal skin       |     7 |       |       ||     7
       Chain mail        |    45 |   104 |       ||   149
       Plate armour      |       |    67 |   158 ||   225
Dodge: Dodged            |    43 |    83 |    67 ||   193
